 Dungeon Crawl Stone Soup version 0.26-a0-64-g059e62fbdb (webtiles) character file.

Game seed: 9224031049483452284

4 MadHawk the Cutter (level 1, -8/12 HPs)
             Began as a Vampire Gladiator on June 11, 2020.
             Mangled by a gnoll
             ... wielding a +0 spear
              (10 damage)
             ... on level 2 of the Dungeon.
             The game lasted 00:02:23 (235 turns).

MadHawk the Cutter (Vampire Gladiator)               Turns: 235, Time: 00:02:23

Health: -8/12      AC:  4    Str: 13    XL:     1   Next: 58%
Magic:  1/1        EV: 13    Int: 10    God:
Gold:   10         SH:  0    Dex: 15    Spells: 0/0 levels left

rFire    . . .     SeeInvis +   a - +0 rapier
rCold    + + .     Gourm    .   (no shield)
rNeg     + + +     Faith    .   b - +0 leather armour
rPois    ∞         Spirit   .   c - +0 helmet
rElec    .         Reflect  .   (no cloak)
rCorr    .         Harm     .   (no gloves)
MR       .....                  (no boots)
Stlth    +++.......             (no amulet)
HPRegen  0.00/turn              (no ring)
MPRegen  0.07/turn              (no ring)

@: bloodless
A: no food, fangs 3, see invisible, unbreathing
a: Revivify


You were on level 2 of the Dungeon.
You were bloodless.

You visited 1 branch of the dungeon, and saw 2 of its levels.

You collected 10 gold pieces.

Inventory:

Hand Weapons
 a - a +0 rapier (weapon)
Missiles
 d - 2 throwing nets (quivered)
 e - 15 stones
Armour
 b - a +0 leather armour (worn)
 c - a +0 helmet (worn)
Scrolls
 h - a scroll of teleportation {unknown}
 i - a scroll of enchant weapon {unknown}
Potions
 f - a potion of ambrosia {unknown}
 g - a potion of haste {unknown}


   Skills:
 + Level 1.8 Fighting
 + Level 3.5 Short Blades
 + Level 1.6 Throwing
 + Level 3.4 Dodging


You couldn't memorise any spells.
You didn't know any spells.
Your spell library was empty.

Dungeon Overview and Level Annotations

Branches:
Dungeon (2/15)

Altars:


Innate Abilities, Weirdness & Mutations

You do not eat.
You do not regenerate when monsters are visible.
You are frail without blood (-20% HP).
You can heal yourself when you bite living creatures.
You are immune to poison.
You have razor-sharp teeth.
You have supernaturally acute eyesight. (SInv)
You can survive without breathing.


Message History

The gnoll shouts! x4; You hear a shout!
The gnoll hits you with a +0 spear.
You don't know any spells.
Continue your ritual?
You begin the revivification ritual.
You continue your ritual.
The gnoll closely misses you. The gnoll barely misses you.
You continue your ritual.
The gnoll closely misses you. The gnoll hits you with a +0 whip.
The gnoll closely misses you.
You continue your ritual.
The gnoll hits you with a +0 club. The gnoll completely misses you.
The gnoll closely misses you.
You continue your ritual.
The gnoll misses you. x2; The gnoll barely misses you.
You continue your ritual.
The gnoll hits you with a +0 club.
* * * LOW HITPOINT WARNING * * *
The gnoll misses you. The gnoll hits you with a +0 spear!
Ouch! That really hurt!
You die...

####+##+# ###
#.......# #<#
#.......######†######
#.....................
#..............#######
#..$....########
#.......# #..$..g@#
##...#gg# #.$.#wgg #..
#.r.. #. #...). ##
#.>.... #.......
#........


You could see a worm, 4 gnolls, a goblin and a rat.

Vanquished Creatures
  2 hobgoblins
  2 kobolds (D:1)
4 creatures vanquished.

Notes
Turn   | Place    | Note
-------+----------+-------------------------------------------
     0 | D:1      | MadHawk the Vampire Gladiator began the quest for the Orb.
     0 | D:1      | Reached XP level 1. HP: 16/16 MP: 1/1
   235 | D:2      | Mangled by a gnoll

Illustrated notes

Levels and vault maps discovered:
D:1:      ldierk_walled_garden_2, layout_basic, minmay_tetromino_s4
D:2:      layout_basic, grunt_gozag_breadcrumbs

Action                   || total
-------------------------++-------
Melee: Rapier            ||     7
Throw: Throwing net      ||     1
 Abil: Exsanguinate      ||     1
       Revivify          ||     1
Armor: Leather armour    ||     1
Dodge: Dodged            ||    13

Table legend:
 A = Non-vault XP
 B = Vault XP
 C = Vault XP percentage of total XP
 D = Non-vault monster count
 E = Vault monster count
 F = Vault count percentage of total count
                 A         B        C        D         E       F
            +---------+---------+-------+---------+---------+-------
      Total |       4 |       3 |  42.9 |       2 |       2 |  50.0
            +---------+---------+-------+---------+---------+-------
        D:1 |       2 |       3 |  60.0 |       1 |       2 |  66.7
        D:2 |       2 |       0 |   0.0 |       1 |       0 |   0.0
            +---------+---------+-------+---------+---------+-------
